 Dungeon Crawl Stone Soup version 0.27-a0-1278-g6cbc8dfb29 (webtiles) character file.

Game seed: 849487670878501546

647 night the Chiller (level 7, -2/64 HPs)
             Began as a Naga Ice Elementalist on June 12, 2021.
             Slain by an ogre (15 damage)
             ... on level 5 of the Dungeon.
             The game lasted 00:09:08 (5298 turns).

night the Chiller (Naga Ice Elementalist)           Turns: 5298, Time: 00:09:09

Health: -2/64      AC: 11    Str: 10    XL:     7   Next: 52%
Magic:  10/13      EV:  9    Int: 18    God:
Gold:   97         SH:  0    Dex: 11    Spells: 7/14 levels left

rFire    . . .     SeeInvis +   g - +2 short sword (venom)
rCold    . . .     Faith    .   (no shield)
rNeg     . . .     Spirit   .   a - +0 robe
rPois    +         Reflect  .   (no helmet)
rElec    .         Harm     .   p - scarf {shadows}
rCorr    .         Rampage  .   h - +0 pair of gloves
Will     .....                  (no barding)
Stlth    ++........             o - amulet of magic regeneration
HPRegen  0.20/turn              j - ring of flight
MPRegen  0.38/turn              (no ring)

@: ice-armoured, flying, very slow
A: AC +2, large, see invisible, deformed body, poison resistance, slowness 2,
spit poison 1, naga tail 1
a: Spit Poison


You were on level 5 of the Dungeon.
You visited 1 branch of the dungeon, and saw 5 of its levels.

You collected 97 gold pieces.

Inventory:

Hand Weapons
 b - a +0 short sword
 f - a +1 dagger of venom
 g - a +2 short sword of venom (weapon)
Armour
 a - a +0 robe (worn)
 h - a +0 pair of gloves (worn)
 p - a scarf of shadows (worn)
Jewellery
 j - a ring of flight (left hand)
 o - an amulet of magic regeneration (around neck)
Scrolls
 k - 2 scrolls of enchant weapon {unknown}
 l - a scroll of vulnerability {unknown}
Potions
 d - a potion of curing {unknown}
 e - a potion of lignification {unknown}
 i - 2 potions of degeneration
 n - a potion of cancellation {unknown}


   Skills:
 + Level 4.2 Fighting
 - Level 1.5 Dodging
 - Level 3.0 Stealth
 + Level 4.4 Spellcasting
 + Level 6.2 Ice Magic


You had 7 spell levels left.
You knew the following spells:

 Your Spells              Type           Power      Damage    Failure   Level
a - Freeze                Ice            100%       1d11      1%          1
b - Frozen Ramparts       Ice            52%        1d7       3%          3
c - Ozocubu's Armour      Ice            26%        N/A       3%          3

Your spell library contained the following spells:

 Spells                   Type           Power      Damage    Failure   Level
 Magic Dart               Conj           16%        1d3       14%         1
 Blink                    Tloc           N/A        N/A       22%         2
 Call Imp                 Summ           4%         N/A       22%         2
 Slow                     Hex            4%         N/A       22%         2
 Hailstorm                Conj/Ice       15%        3d5       36%         4
 Conjure Flame            Conj/Fire      4%         6-21      38%         3
 Mephitic Cloud           Conj/Pois/Air  4%         N/A       38%         3
 Metabolic Englaciation   Hex/Ice        7%         N/A       73%         5


Dungeon Overview and Level Annotations

Branches:
Dungeon (5/15)
 Temple: D:4-7

Altars:

Annotations:
D:5 Dowan


Innate Abilities, Weirdness & Mutations

Your serpentine skin is tough. (AC +2)
You have supernaturally acute eyesight. (SInv)
Armour fits poorly on your strangely shaped body.
Your system is resistant to poisons. (rPois)
You cover ground very slowly.
You can spit poison.
You have a snake-like lower body.


Message History

The wall freezes Duvessa.
Duvessa hits you with a +0 short sword.
The wall freezes Duvessa.
Duvessa hits you with a +0 short sword.
You closely miss Duvessa.
Duvessa is severely wounded.
Dowan hits you with a +0 dagger.
The wall freezes Duvessa.
Duvessa hits you with a +0 short sword.
You closely miss Duvessa.
Duvessa is almost dead.
The wall freezes Duvessa.
Duvessa closely misses you. Dowan hits you with a +0 dagger.
The wall freezes Duvessa.
You kill Duvessa!
Dowan screams, "No!
Oh no!"
Dowan seems to find hidden reserves of power!
Casting: Frozen Ramparts (dangerous; 3% risk of failure)
Confirm with . or Enter, or press ? or * to list all spells.
A film of ice covers your body!
The frozen ramparts melt away.
Dowan hits you but does no damage. The adder bites you but does no damage.
Dowan barely misses you.
Unknown command.
Casting: Ozocubu's Armour (dangerous; 3% risk of failure)
Confirm with . or Enter, or press ? or * to list all spells.
Aiming: Freeze (safe; 1% risk of failure)
Press: ? - help, Shift-Dir - straight line, f - Dowan
Aim: Dowan, wielding a +0 dagger and wearing a +0 robe (fast)
You freeze Dowan.
Dowan is lightly wounded.
The adder closely misses you. Dowan hits you with a +0 dagger.
The adder bites you but does no damage.
You hit the ogre.
The ogre is poisoned.
The ogre is lightly wounded.
Dowan hits you but does no damage. Dowan barely misses you.
The adder barely misses you. The ogre hits you with a +0 giant club!
* * * LOW HITPOINT WARNING * * *
As you read the scroll labelled LORYCROPIM, it crumbles to dust.
It is a scroll of identify.
i - 2 potions of degeneration Dowan hits you but does no damage.
The adder bites you.
* * * LOW HITPOINT WARNING * * *
The ogre hits you with a +0 giant club!
You die...

#.....# #...<.#
#.....#
#######.....#
.[..[.......#
............#
............#
......e.....#
......@O....########
#######S<...........
#.............
#.............
#.............
#.............
######........
#........


You could see an ogre (very poisoned), Dowan (fast) and an adder.

Vanquished Creatures
  Duvessa (D:5)
  A black bear (D:4)
  A phantom (D:4)
  3 scorpions (D:4)
  A bullfrog skeleton (D:4)
  A hound (D:4)
  An iguana (D:4)
  An orc wizard (D:4)
  2 adders (D:3)
  A worm (D:4)
  3 orcs (D:4)
  6 ball pythons
  6 bats
  3 endoplasms
  3 giant cockroaches
  5 goblins
  12 hobgoblins
  5 jackals (D:1)
  9 kobolds
  5 quokkas
  3 frilled lizards
  5 rats
78 creatures vanquished.

Notes
Turn   | Place    | Note
-------+----------+-------------------------------------------
     0 | D:1      | night the Naga Ice Elementalist began the quest for the
                  | Orb.
     0 | D:1      | Reached XP level 1. HP: 15/15 MP: 3/3
   257 | D:1      | Found a faded altar of an unknown god.
   273 | D:1      | Reached XP level 2. HP: 17/24 MP: 5/5
   778 | D:1      | Reached skill level 1 in Fighting
  1059 | D:1      | Reached XP level 3. HP: 14/31 MP: 4/6
  1063 | D:1      | Learned a level 3 spell: Frozen Ramparts
  2947 | D:3      | Reached XP level 4. HP: 38/38 MP: 2/7
  3719 | D:4      | Noticed a scorpion
  3722 | D:4      | Reached skill level 2 in Fighting
  3728 | D:3      | Learned a level 3 spell: Ozocubu's Armour
  3733 | D:4      | Killed a scorpion
  3734 | D:4      | Reached skill level 5 in Ice Magic
  3734 | D:4      | Reached XP level 5. HP: 34/46 MP: 5/9
  4016 | D:4      | Reached XP level 6. HP: 52/56 MP: 7/11
  4419 | D:4      | Noticed a black bear
  4433 | D:4      | Killed a black bear
  4434 | D:4      | Reached XP level 7. HP: 24/63 MP: 8/13
  4937 | D:4      | HP: 5/63 [phantom (8)]
  4948 | D:4      | Reached skill level 6 in Ice Magic
  5269 | D:5      | Entered Level 5 of the Dungeon
  5278 | D:5      | Noticed Dowan
  5280 | D:5      | Noticed Duvessa
  5294 | D:5      | Killed Duvessa
  5298 | D:5      | Slain by an ogre

Illustrated notes

Levels and vault maps discovered:
D:1:      heliophobic_arrival_enchanted_forest, layout_basic,
          basic_ecumenical_altar, serial_park_tiny_2
D:2:      layout_basic, amcnicky_mini_corridor_feature
D:3:      layout_loops_ring, minmay_fountain_box
D:4:      layout_loops_cross
D:5:      layout_gridville, temple_hall, uniq_duvessa, uniq_ijyb

Skill      XL: |  1  2  3  4  5  6  7 |
---------------+----------------------+-----
Fighting       | 1 2 3 4 |  4.2
Spellcasting   | 3 4 |  4.4
Ice Magic      | 5 6 |  6.2
Dodging        | |  1.5
Stealth        | |  3.0

Action                   |  1- 3 |  4- 6 |  7- 9 || total
-------------------------+-------+-------+-------++-------
Melee: Short sword       |    68 |    49 |    36 ||   153
       Unarmed           |     7 |       |       ||     7
 Cast: Freeze            |    29 |     1 |     1 ||    31
       Frozen Ramparts   |     6 |     8 |     4 ||    18
       Ozocubu's Armour  |       |     4 |     4 ||     8
 Abil: Spit Poison       |     2 |     3 |     1 ||     6
  Use: Scroll            |     1 |       |     1 ||     2
       Potion            |       |       |     1 ||     1
 Stab: Sleeping          |     6 |     2 |     1 ||     9
Armor: Robe              |    17 |    23 |    12 ||    52
Dodge: Dodged            |    46 |    22 |    18 ||    86

Table legend: (Time is in decaauts)
 A = Elapsed time spent in this place.
 B = Non-inter-level travel time spent in this place.
 C = Inter-level travel time spent in this place.
 D = Time resting spent in this place.
 E = Time spent auto-exploring this place.
 F = Levels seen in this place.
 G = Mean time per level.
                   A        B        C        D        E       F      G
               +--------+--------+--------+--------+--------+-----+--------+
         Total |   6339 |   6167 |    172 |    914 |   4570 |   5 | 1267.8 |
       Dungeon |   6339 |   6167 |    172 |    914 |   4570 |   5 | 1267.8 |
               +--------+--------+--------+--------+--------+-----+--------+

Top non-repeatable levels by time:
     D:1: 2051 daAuts
     D:4: 1788 daAuts
     D:2: 1346 daAuts
     D:3: 1116 daAuts
     D:5: 36 daAuts
